Map: Lerilak Crest

Players

Ctone - Winner!

  • Race: Terran Terran
  • League: Gold

Amerit

  • Race: Protoss Protoss
  • League: Silver

VOD

Have the link to the VOD?

Description

Time

  • Played on: Sept. 27, 2015, 10:36 a.m.
  • Length: 13:04
Show
View Real Time Build Order
Export as new Build Order

Ctone Terran - Winner!

Build Orders: Command Center First (CC) 

Get SALT Encoding   

  12  0:01  SCV  
  13  0:13  SCV  
  14  0:17  Supply Depot  
  14  0:25  SCV  
  15  0:54  Command Center  
  15  0:57  SCV  
  16  1:09  Barracks  
  16  1:12  SCV  
  17  1:18  Refinery  
  17  1:24  SCV  
  18  1:33  Refinery  
  18  1:36  SCV  
  19  1:48  SCV  
  20  1:56  Supply Depot  
  20  1:57  Marine  
  21  2:02  Orbital Command  
  21  2:11  Orbital Command  
  21  2:20  Marine  
  22  2:27  Barracks  
  22  2:33  SCV  
  23  2:42  SCV  
  24  2:45  Barracks  
  24  2:52  Ghost Academy  
  24  2:54  Marine  
  24  2:56  SCV  
  26  2:58  SCV  
  27  3:08  SCV  
  27  3:15  Barracks Tech Lab  
  27  3:17  Barracks Tech Lab  
  27  3:20  SCV  
  27  3:21  SCV  
  29  3:27  Personal Cloaking  
  29  3:33  SCV  
  30  3:34  Ghost  
  30  3:35  Barracks Tech Lab, Bunker  
  30  3:40  SCV  
  33  3:45  SCV  
  34  3:51  Refinery  
  34  3:52  SCV  
  35  3:57  SCV, Ghost  
  38  4:04  SCV  
  38  4:09  SCV  
  40  4:12  Ghost  
  40  4:16  SCV  
  40  4:17  Supply Depot  
  43  4:21  SCV  
  43  4:23  Supply Depot  
  44  4:26  Ghost  
  46  4:33  Supply Depot  
  46  4:38  SCV, Engineering Bay  
  46  4:39  Ghost  
  49  4:49  Ghost  
  51  5:01  Ghost  
  51  5:02  SCV  
  51  5:05  Missile Turret  
  51  5:06  Missile Turret  
  54  5:08  SCV  
  54  5:10  Refinery  
  55  5:14  SCV  
  55  5:20  SCV  
  57  5:26  SCV  
  58  5:38  Ghost x2  
  58  5:39  Ghost  
  64  6:07  Ghost x2  
  66  6:16  Ghost  
  66  6:18  SCV  
  69  6:24  Supply Depot  
  69  6:27  Factory  
  69  6:34  SCV  
  69  6:37  Supply Depot x2  
  69  6:38  Supply Depot  
  69  6:39  Supply Depot  
  70  6:42  SCV  
  70  6:46  SCV  
  62  6:54  SCV  
  61  7:02  Ghost x3  
  61  7:04  SCV  
  68  7:13  Starport  
  68  7:14  Factory Reactor  
  68  7:18  SCV x2  
  68  7:20  Supply Depot  
  70  7:22  Supply Depot  
  70  7:30  Ghost x2  
  70  7:32  Ghost  
  76  7:44  Supply Depot  
  76  7:51  Missile Turret  
  76  7:59  Ghost  
  76  8:04  Barracks  
  78  8:06  Viking  
  78  8:07  Viking  
  78  8:11  Command Center  
  82  8:13  Ghost x2  
  82  8:15  SCV x2, Missile Turret  
  82  8:19  Supply Depot  
  88  8:32  SCV  
  89  8:36  Viking  
  89  8:37  Supply Depot, Viking  
  89  8:39  Ghost  
  95  8:53  Ghost, Missile Turret  
  97  9:16  Ghost x2  
  101  9:18  Viking x2, Missile Turret  
  101  9:20  Missile Turret  
  105  9:25  Supply Depot  
  104  9:53  Barracks Tech Lab  
  104  9:57  Command Center  
  104  10:01  Ghost  
  104  10:02  Ghost x2  
  104  10:04  Viking  
  112  10:15  Ghost  
  112  10:18  Orbital Command  
  112  10:20  SCV x2  
  116  10:32  SCV x2  
  116  10:34  Ghost  
  120  10:40  Ghost  
  122  10:47  Ghost  
  124  10:59  Ghost  
  124  11:02  Ghost  
  128  11:25  Viking x2  
  122  11:56  Ghost x3  
  122  11:57  Ghost  
  122  11:59  Viking  
  128  12:25  Ghost  
Show
View Real Time Build Order
Export as new Build Order

Amerit Protoss 

Build Orders: Colossus Rush 

Get SALT Encoding   

  12  0:00  Probe (Chrono Boost)  
  13  0:10  Probe (Chrono Boost)  
  14  0:18  Pylon  
  14  0:26  Probe (Chrono Boost)  
  15  0:36  Probe (Chrono Boost)  
  15  0:39  Gateway  
  16  0:45  Assimilator  
  16  0:46  Probe (Chrono Boost)  
  17  0:56  Probe (Chrono Boost)  
  18  1:06  Probe (Chrono Boost)  
  18  1:08  Pylon  
  19  1:16  Probe (Chrono Boost)  
  20  1:26  Probe (Chrono Boost)  
  20  1:27  Cybernetics Core  
  20  1:28  Zealot  
  23  1:36  Probe (Chrono Boost)  
  23  1:37  Assimilator  
  24  1:46  Probe (Chrono Boost)  
  25  1:56  Pylon  
  25  2:02  Stalker  
  25  2:04  Warp Gate  
  27  2:26  Nexus  
  27  2:36  Robotics Facility  
  27  2:41  Sentry  
  29  2:46  Probe (Chrono Boost)  
  30  2:56  Mothership Core (Chrono Boost)  
  32  3:03  Pylon  
  32  3:13  Probe (Chrono Boost)  
  33  3:28  Robotics Bay  
  33  3:31  Gateway  
  33  3:33  Gateway  
  33  3:39  Pylon  
  33  3:40  Probe (Chrono Boost)  
  34  3:41  Probe (Chrono Boost)  
  35  3:53  Probe (Chrono Boost)  
  35  3:54  Probe (Chrono Boost)  
  37  3:57  Pylon  
  37  4:00  Observer  
  38  4:10  Probe x2 (Chrono Boost)  
  38  4:13  Assimilator  
  40  4:18  Assimilator  
  40  4:20  Probe x2 (Chrono Boost)  
  42  4:25  Observer (Chrono Boost)  
  42  4:29  Probe (Chrono Boost)  
  42  4:30  Probe (Chrono Boost)  
  45  4:42  Probe, Colossus (Chrono Boost)  
  52  4:53  Probe  
  52  4:55  Probe  
  52  4:59  Extended Thermal Lance (Chrono Boost), Pylon  
  54  5:04  Probe  
  55  5:07  Probe  
  56  5:14  Probe  
  57  5:27  Gateway  
  57  5:31  Colossus  
  57  5:32  Gateway  
  47  5:50  Stalker x3  
  39  6:09  Probe  
  39  6:11  Probe  
  39  6:18  Probe  
  39  6:23  Probe  
  41  6:28  Probe  
  42  6:35  Probe  
  42  6:38  Probe  
  41  6:47  Probe  
  41  6:48  Probe  
  41  6:51  Observer  
  42  6:59  Probe  
  43  7:05  Probe, Forge  
  44  7:11  Probe  
  45  7:19  Stalker  
  47  7:23  Probe  
  47  7:25  Probe  
  49  7:39  Photon Cannon  
  49  7:43  Photon Cannon  
  49  7:44  Probe  
  49  7:46  Probe  
  49  7:50  Observer  
  52  7:56  Stalker  
  54  8:00  Probe  
  54  8:01  Probe  
  56  8:08  Protoss Ground Weapons Level 1  
  56  8:10  Probe  
  56  8:18  Probe  
  58  8:20  Probe  
  59  8:30  Probe x2  
  61  8:36  Twilight Council  
  61  8:40  Probe  
  61  8:42  Probe (Chrono Boost)  
  61  8:46  Observer  
  64  8:51  Probe (Chrono Boost)  
  64  8:53  Probe (Chrono Boost)  
  66  9:02  Probe (Chrono Boost)  
  67  9:03  Probe (Chrono Boost)  
  67  9:09  Stalker  
  70  9:10  Stalker  
  70  9:11  Stalker  
  74  9:27  Charge  
  74  9:32  Probe (Chrono Boost)  
  74  9:33  Templar Archives, Probe (Chrono Boost)  
  75  9:52  Stalker x2  
  78  9:54  Stalker, Zealot  
  78  9:58  Protoss Ground Armor Level 1 (Chrono Boost)  
  82  10:02  Pylon  
  82  10:04  Probe (Chrono Boost)  
  82  10:05  Probe (Chrono Boost)  
  84  10:13  Psionic Storm  
  84  10:24  Forge  
  84  10:25  High Templar  
  84  10:26  High Templar  
  88  10:29  Probe (Chrono Boost)  
  88  10:30  Probe (Chrono Boost)  
  88  10:35  Observer  
  91  10:38  Probe (Chrono Boost)  
  91  10:39  High Templar  
  94  10:49  Pylon, Protoss Ground Weapons Level 2 (Chrono Boost)  
  94  10:53  Pylon  
  94  11:02  Pylon  
  94  11:07  Probe  
  95  11:12  Warp Prism  
  97  11:19  High Templar  
  97  11:24  Photon Cannon  
  99  11:29  Nexus  
  74  11:57  Zealot x5  
  74  11:59  Observer  
  55  12:29  Zealot x2  
  55  12:30  Zealot x3  
  45  12:49  Zealot  
  45  12:50  Zealot  
  45  12:51  Zealot  
  49  12:52  Zealot  
Tags
 
Add a new tag
Caveats
  • Supply blocks, unpowered buildings, or Contaminate may cause inaccurate times.
  • Supply counts are checked every 10 seconds.